Map: Lerilak Crest

Players

fomalhautGP - Winner!

  • Race: Zerg Zerg
  • League: Platinum

LilDicky

  • Race: Terran Terran
  • League: Diamond

VOD

http://www.twitch.tv/tumescentpie

Description

Time

  • Played on: Dec. 25, 2015, 1:03 a.m.
  • Length: 10:31
Show
View Real Time Build Order
Export as new Build Order

fomalhautGP Zerg - Winner!

Build Orders: 3 Hatch before Pool 

Get SALT Encoding   

  12  0:03  Drone  
  13  0:09  Drone  
  14  0:16  Overlord  
  14  0:36  Drone x3  
  17  0:56  Hatchery  
  16  1:03  Drone, Extractor  
  16  1:26  Drone  
  16  1:27  Drone x2  
  19  1:36  Hatchery  
  18  1:51  Spawning Pool  
  17  1:56  Drone x2  
  17  2:00  Drone  
  20  2:18  Drone x2  
  22  2:27  Drone x2  
  24  2:35  Drone  
  24  2:36  Drone  
  26  2:37  Metabolic Boost  
  26  2:38  Queen  
  28  2:47  Queen  
  30  2:52  Overlord  
  30  2:54  Zergling x2  
  30  2:56  Zergling x2  
  32  3:02  Queen  
  34  3:09  Overlord  
  34  3:21  Queen  
  34  3:23  Drone x2, Queen  
  40  3:45  Drone x4  
  40  3:46  Drone x2  
  46  3:52  Roach Warren  
  46  3:54  Drone x2, Extractor  
  46  3:55  Drone x4  
  50  4:14  Overlord x2  
  50  4:16  Overlord x2  
  48  4:32  Queen  
  50  4:40  Drone x3  
  50  4:41  Drone x4  
  50  4:43  Roach  
  59  5:01  Lair  
  59  5:04  Spore Crawler  
  58  5:10  Drone x4  
  58  5:11  Spore Crawler, Drone  
  62  5:14  Roach x3  
  62  5:21  Roach  
  70  5:22  Drone  
  71  5:30  Extractor x2  
  67  5:37  Roach  
  67  5:38  Roach x3  
  71  5:47  Spore Crawler  
  66  5:52  Roach x3  
  66  5:53  Overlord  
  60  6:05  Overseer  
  59  6:14  Roach x3  
  63  6:19  Queen  
  59  6:31  Queen  
  61  6:34  Drone x11  
  61  6:35  Drone  
  73  6:41  Roach Warren  
  72  6:55  Queen  
  72  7:03  Extractor  
  72  7:04  Extractor  
  72  7:06  Drone x9  
  72  7:07  Drone  
  80  7:14  Queen  
  82  7:20  Ravager  
  82  7:21  Ravager x3  
  82  7:22  Ravager  
  87  7:28  Hatchery  
  86  7:31  Overseer  
  86  7:40  Spore Crawler  
  85  7:45  Ravager  
  86  7:58  Queen x2  
  86  8:00  Overlord x5  
  86  8:01  Overlord x3  
  86  8:05  Glial Reconstitution  
  90  8:12  Overlord x2  
  90  8:18  Queen  
  92  8:22  Roach x9  
  92  8:23  Roach x3  
  116  8:30  Evolution Chamber  
  116  8:31  Evolution Chamber  
  114  8:42  Queen  
  116  8:54  Roach x12  
  140  9:05  Drone x2  
  140  9:06  Drone x6  
  140  9:08  Overlord x2  
  149  9:17  Ravager x6  
  149  9:19  Roach x2  
  149  9:20  Roach  
  149  9:21  Drone  
  149  9:22  Drone x3  
  149  9:23  Drone  
  165  9:26  Extractor  
  138  9:51  Roach x8  
  138  9:52  Roach x6  
  165  9:53  Ravager x2  
  165  9:55  Ravager  
Show
View Real Time Build Order
Export as new Build Order

LilDicky Terran 

Build Orders: Command Center First (CC), Hellion Banshee 

Get SALT Encoding   

  12  0:01  SCV  
  13  0:13  SCV  
  14  0:17  Supply Depot  
  14  0:25  SCV  
  15  0:39  SCV  
  16  0:51  SCV  
  17  1:03  SCV  
  18  1:11  Command Center  
  18  1:15  SCV  
  19  1:22  Barracks  
  19  1:27  SCV  
  20  1:39  SCV  
  21  1:50  Refinery  
  21  1:51  SCV, Refinery  
  22  2:04  SCV  
  23  2:11  Supply Depot  
  23  2:17  Orbital Command  
  23  2:23  Orbital Command, Marine  
  23  2:28  Bunker  
  24  2:41  Factory  
  24  2:47  SCV, Barracks Reactor  
  25  2:55  SCV  
  26  3:14  SCV  
  28  3:33  Starport  
  26  3:39  SCV, Hellion x2, Barracks Tech Lab  
  31  3:41  SCV  
  32  3:52  SCV  
  32  3:53  SCV  
  32  3:54  Command Center  
  34  3:58  Armory  
  34  4:01  Hellion x2  
  38  4:04  SCV  
  38  4:06  SCV  
  38  4:08  Marine  
  41  4:15  Cloaking Field  
  41  4:16  SCV, Banshee  
  45  4:17  Supply Depot  
  45  4:19  SCV  
  45  4:33  SCV  
  46  4:39  SCV, Hellion x2  
  46  4:41  Supply Depot  
  46  4:43  Marine  
  46  4:45  SCV  
  53  4:51  SCV  
  54  5:03  SCV x2, Hellion x2, Marine  
  54  5:04  Banshee  
  64  5:15  SCV  
  64  5:18  Orbital Command  
  65  5:22  Refinery  
  65  5:23  Refinery  
  65  5:24  Hellion x2  
  69  5:46  Banshee  
  66  6:00  Hellion x2  
  53  6:29  Banshee  
  56  6:36  Supply Depot, SCV x3  
  59  6:42  Barracks Tech Lab, Barracks x3  
  59  6:43  Barracks x2  
  59  6:46  Barracks  
  56  7:01  Marine  
  53  7:02  Hellion  
  53  7:03  Hellion  
  58  7:10  SCV x3  
  58  7:12  Banshee  
  64  7:17  Command Center  
  64  7:19  Marine  
  64  7:20  Stimpack  
  64  7:21  Orbital Command  
  64  7:22  SCV  
  66  7:27  SCV  
  67  7:34  SCV  
  67  7:36  Marine x2  
  69  7:37  Barracks Tech Lab x3  
  69  7:38  Barracks Tech Lab  
  69  7:40  Barracks Reactor  
  69  7:43  Supply Depot  
  70  7:51  SCV x3  
  73  7:54  Marine x2  
  75  7:58  Marine x2  
  75  7:59  Marauder, Marine  
  75  8:00  Engineering Bay  
  75  8:02  Engineering Bay  
  75  8:03  SCV  
  81  8:05  Combat Shields  
  81  8:06  Concussive Shells  
  83  8:13  Marauder  
  83  8:17  Marine, Marauder x2  
  83  8:18  Marauder, Marine x2  
  92  8:20  SCV  
  92  8:21  SCV, Marauder  
  92  8:22  Siege Tank  
  92  8:23  Medivac  
  101  8:28  Medivac  
  101  8:29  Terran Infantry Weapons Level 1, SCV, Terran Infantry Armor Level 1  
  101  8:34  Marine  
  105  8:35  Marine x2  
  105  8:36  Marine  
  105  8:38  Marauder x2  
  105  8:40  Marauder  
  105  8:41  Missile Turret x2  
  114  8:42  Missile Turret, Marine  
  114  8:44  Missile Turret x2  
  114  8:48  Missile Turret  
  115  8:49  Refinery  
  115  8:50  Refinery  
  115  8:51  SCV  
  116  8:55  Missile Turret  
  116  9:00  Supply Depot  
  116  9:02  Planetary Fortress  
  116  9:03  Medivac, Marine x4  
  116  9:04  Liberator, Marauder  
  116  9:06  Supply Depot x2  
  124  9:19  Supply Depot  
  124  9:21  Marine x2  
  124  9:22  Marauder  
  124  9:23  Supply Depot x2  
  111  9:41  Marine  
  111  9:42  Marine x3  
  84  9:48  Marine x3  
  84  9:49  Marine  
  86  9:58  Siege Tank  
  86  9:59  Marine x3  
  93  10:00  Marine  
  93  10:02  SCV  
  93  10:06  Marine x4  
Tags
 
Add a new tag
Caveats
  • Supply blocks, unpowered buildings, or Contaminate may cause inaccurate times.
  • Supply counts are checked every 10 seconds.